[Event "*** Titled Tuesday Blitz"]
[Site "Chess.com"]
[Date "2018.10.02"]
[Round "6"]
[White "Didici"]
[Black "Jospem"]
[Result "0-1"]
[WhiteElo "2631"]
[BlackElo "2746"]
[TimeControl "180+2"]
[EndTime "14:22:36 PDT"]
[Termination "Jospem won by resignation"]

1. d4 Nf6 2. c4 e6 3. Nc3 Bb4 4. e3 O-O 5. Bd3 d5 6. Nf3 c5 7. cxd5 cxd4 8. exd4 Nxd5 9. O-O Nc6 10. Bc2 Nf6 11. Qd3 Be7 12. a3 b6 13. Bg5 g6 14.
Rad1 Bb7 15. h4 Rc8 16. Bxf6 Bxf6 17. d5 exd5 18. Nxd5 Bxb2 19. h5 Ne5 20. Nxe5 Bxe5 21. hxg6 hxg6 22. Bb3 Kg7 23. f4 Bd6 24. g3 Bxa3 25.
f5 Qg5 26. f6+ Kh8 27. Kg2 Kg8 28. Rh1 Bd6 29. Rh3 Bxd5+ 30. Bxd5 Qxf6 31. Rf1 Qb2+ 32.
Rf2 Qg7 33. Rh4 Bc5 34. Rf3 Rc7 35. Rg4 Kh7 36. Rf1 Qb2+ 37. Kh3 Qg7 38. Kg2 Qb2+ 39. Kh3 Qg7 40. Rff4 Be7 41. Kg2 Qc3 42. Qe4 Qc2+ 43. Kh3 Qxe4 44. Rxe4 Kg7 45. Rgf4 Bg5 46. Rf3 Bf6 47.
Ref4 Be5 48. Re4 Bd6 49. Rd4 Bc5 50. Rdd3 Re7 51. g4 Re2 52. g5 Re5 53. Kg4 Be7 0-1

[Event "*** Titled Tuesday Blitz"]
[Site "Chess.com"]
[Date "2018.10.02"]
[Round "6"]
[White "Last7Samurai"]
[Black "Iball95"]
[Result "1-0"]
[WhiteElo "2742"]
[BlackElo "2577"]
[TimeControl "180+2"]
[EndTime "14:22:47 PDT"]
[Termination "Last7Samurai won on time"]

1. e4 Nc6 2. Nf3 d6 3. d4 Nf6 4. Nc3 g6 5. h3 Bg7 6. Be2 O-O 7.
O-O e5 8. Be3 exd4 9. Nxd4 Re8 10. Nxc6 bxc6 11. Bf3 Nd7 12. Bd4 Ne5 13. Be2 c5 14.
Be3 Bb7 15. Qd2 Rb8 16. Rad1 Nc6 17. Bh6 Nd4 18. Bxg7 Kxg7 19. Bd3 Qh4 20. Kh2 Bc8 21. f4 f5 22. b3 fxe4 23. Nxe4 Bf5 24. Ng3 Bxd3 25. Qxd3 Rf8 26. f5 gxf5 27. Rf4 Qg5 28.
Rdf1 Rbe8 29. c3 Nc6 30. Rxf5 Rxf5 31. Rxf5 Qe7 32. Nh5+ Kh8 33. Qf3 Ne5 34. Qf4 Ng6 35. Qh6 Rf8 36. Nf4 Rg8 37. Nd5 Qg7 38. Qxg7+ Rxg7 39. a4 Kg8 40. Nf6+ Kh8 41. a5 a6 42. Nd5 Kg8 43.
Nf6+ Kh8 44. Nh5 Re7 45. b4 cxb4 46. cxb4 Kg8 47. b5 axb5 48. Rxb5 c5 49. Nf6+ Kf7 50. Nd5 Re5 51. a6 Re8 52. Rb7+ Ke6 53. Nc7+ 1-0

[Event "*** Titled Tuesday Blitz"]
[Site "Chess.com"]
[Date "2018.10.02"]
[Round "6"]
[White "xamax2000"]
[Black "DishonorOnYourCow"]
[Result "1-0"]
[WhiteElo "2467"]
[BlackElo "2256"]
[TimeControl "180+2"]
[EndTime "14:22:50 PDT"]
[Termination "xamax2000 won by resignation"]

1. e4 e5 2. Nf3 Nc6 3. Bb5 Nf6 4.
O-O Nxe4 5. Re1 Nd6 6. Nxe5 Be7 7. Bf1 O-O 8. d4 Nf5 9. d5 Nxe5 10. Rxe5 d6 11. Re1 Bg5 12. Nd2 Bd7 13. Ne4 Bxc1 14. Rxc1 Re8 15. Qd3 Nh4 16. g3 Ng6 17. f4 Bf5 18.
Re2 c6 19. Qd4 cxd5 20. Nc3 Rxe2 21. Bxe2 Ne7 22. Bf3 Nc6 23. Qf2 d4 24. Nd5 Ne7 25. Nxe7+ Qxe7 26. Qxd4 a6 27. Kf2 Re8 28. c3 h6 29. Qd2 Qc7 30. Qd4 Qe7 31. Rd1 Rd8 32. Re1 Qc7 33. g4 Be6 34. b3 d5 35. Kg2 b5 36. f5 Bc8 37. Re5 Bb7 38. h4 a5 39.
f6 gxf6 40. Rf5 Qe7 41. Qxf6 Qxf6 42. Rxf6 Rc8 43. Rb6 Rc7 44. Rxb5 Bc8 45. Rxa5 Rxc3 46. Rxd5 Kg7 47. Rd2 Be6 48. Kg3 Bd7 49. Kf4 Be6 50. Be4 Bc8 51. g5 hxg5+ 52. hxg5 Rh3 53. Rd8 Ba6 54.
Rd7 Rh4+ 55. Ke5 Rh5 56. Kf4 Rh4+ 57. Kf3 Rh3+ 58. Kf2 Rh2+ 59. Kg3 Rb2 60. g6 Rxa2 61. Rxf7+ Kg8 62. Bd5 Rd2 63. Rd7+ Rxd5 64. Rxd5 Kg7 65. Rd6 Bb7 66. Kf4 1-0

[Event "*** Titled Tuesday Blitz"]
[Site "Chess.com"]
[Date "2018.10.02"]
[Round "6"]
[White "TST2014"]
[Black "Zq1"]
[Result "0-1"]
[WhiteElo "2469"]
[BlackElo "2592"]
[TimeControl "180+2"]
[EndTime "14:22:56 PDT"]
[Termination "Zq1 won on time"]

1. d4 Nf6 2. c4 a6 3. Nf3 c5 4. dxc5 e6 5. Bg5 Bxc5 6. e3 Qa5+ 7. Nbd2 Ne4 8. Bf4 g5 9. Bxb8 Rxb8 10. a3 Nxd2 11.
Qxd2 Qxd2+ 12. Nxd2 Be7 13. b4 b6 14. Be2 Bb7 15.
Bf3 Bxf3 16. Nxf3 Rc8 17. Rc1 a5 18. c5 axb4 19. axb4 bxc5 20. bxc5 g4 21. Ne5 Bxc5 22. Ke2 Ke7 23. Rhd1 d6 24. Nxg4 Rhg8 25. f3 h5 26. Nf2 Rxg2 27. h3 Ra8 28. Rc2 Ra3 29. Kf1 Rg3 30. Nd3 Rxf3+ 31. Kg2 Rxe3 32. Nxc5 dxc5 33.
Rxc5 Rg3+ 34. Kf2 Rad3 35. Rxd3 Rxd3 36. Rxh5 f5 37. Rh8 Kf6 38. h4 Rh3 39. Kg2 Ra3 40.
Rg8 Ra7 41. Kf3 e5 42. Rf8+ Rf7 43. Rh8 Rg7 44. Rf8+ Ke6 45. Re8+ Re7 46. Rh8 Ra7 47. Re8+ Kd6 48. Rd8+ Ke7 49. Rh8 Ra3+ 50. Kg2 e4 51. h5 Kf6 52. h6 Ra7 53. h7 Kg6 54. Kg3 Rxh7 55. Rf8 Rf7 56. Re8 f4+ 57. Kg4 f3 58. Ra8 f2 59. Ra6+ Rf6 0-1

[Event "*** Titled Tuesday Blitz"]
[Site "Chess.com"]
[Date "2018.10.02"]
[Round "6"]
[White "Indianlad"]
[Black "tigra"]
[Result "0-1"]
[WhiteElo "2813"]
[BlackElo "2758"]
[TimeControl "180+2"]
[EndTime "14:23:01 PDT"]
[Termination "tigra won by resignation"]

1. d4 Nf6 2. c4 g6 3. g3 d5 4. cxd5 Nxd5 5. Bg2 Bg7 6. Nf3 Nb6 7. Nc3 Nc6 8. e3 e5 9. d5 Ne7 10. e4 c6 11. d6 Ng8 12. b3 Nh6 13. a4 f6 14. Ba3 Nf7 15. O-O Be6 16. a5 Nc8 17. Na4 Ncxd6 18. Nc5 Bg4 19. Qc2 Qc8 20. Rfd1 O-O 21. a6 bxa6 22. Nxa6 Rd8 23. Nb4 Nb5 24. Bb2 c5 25. Nd5 Kh8 26. Ra5 Nd4 27. Bxd4 cxd4 28. Rc5 Qb8 29. Nc7 Nd6 30. h3 Bd7 31. Nxa8 Qxa8 32.
Nxd4 exd4 33. e5 Bf5 34. Bxa8 Bxc2 35. Rxc2 fxe5 36. Bd5 e4 37. Rc6 d3 38. Kg2 Bd4 39. g4 Kg7 40. g5 Kf8 41. h4 Bb6 42. b4 e3 43. Rxd3 Nf5 44. Bc4 Nxh4+ 45. Kh3 Rxd3 46.
Bxd3 Nf3 47. fxe3 Nxg5+ 48. Kg4 Bxe3 49. Rc7 h5+ 50. Kh4 Ne6 51. Rb7 Bf2+ 52. Kh3 Nf4+ 53.
Kh2 Nxd3 54. Kg2 Bb6 55. Kf3 Nxb4 56. Kf4 Nd5+ 57. Kg5 Ne7 58. Kf6 Bd4+ 59. Ke6 Nf5 60. Rf7+ Kg8 61. Rb7 h4 0-1

[Event "*** Titled Tuesday Blitz"]
[Site "Chess.com"]
[Date "2018.10.02"]
[Round "6"]
[White "evgenysharapov"]
[Black "ruvat"]
[Result "1/2-1/2"]
[WhiteElo "2450"]
[BlackElo "2303"]
[TimeControl "180+2"]
[EndTime "14:23:04 PDT"]
[Termination "Game drawn - insufficient material"]

1. c4 d6 2. Nc3 e5 3. g3 f5 4. Bg2 Nf6 5. d3 Be7 6. e3 O-O 7. Nge2 c6 8. O-O Be6 9. b4 d5 10. cxd5 cxd5 11. d4 e4 12. Qb3 Bf7 13. Bd2 Nbd7 14.
Na4 Nb6 15. Nxb6 axb6 16. Rfc1 Qd7 17. a4 g5 18. b5 Qd6 19. Rc2 Rfc8 20. Rac1 Rxc2 21.
Rxc2 Qa3 22. Qxa3 Bxa3 23. Ra2 Bd6 24. h3 Be8 25. Nc3 Kg7 26. Kf1 Bb4 27. Nxe4 fxe4 28. Bxb4 Rxa4 29. Rxa4 Bxb5+ 30. Ke1 Bxa4 31. Kd2 Bb5 32.
Bd6 Bc4 33. Kc3 Kf7 34. Kb4 Ke6 35. Bc7 b5 36. Bd8 h5 37. f3 exf3 38. Bxf3 g4 39. hxg4 Nxg4 40. Bg5 Kf5 41. Bf4 Nf6 42. Be5 Ng4 43.
Bf4 Nf6 44. Ka5 Ng4 45. Bd1 Nf6 46. Kb4 Ng4 47. Bc2+ Ke6 48. e4 dxe4 49. Bxe4 b6 50. Bc6 Nf6 51. Be5 Nd5+ 52. Ka3 b4+ 53. Kb2 b3 54. Be8 Nf6 55. Bxf6 Kxf6 56. Bxh5 Bd5 57. Bd1 Kg5 58. Bxb3 Bc6 59. d5 Bxd5 60. Bxd5 Kg4 61. Kb3 Kxg3 62. Kb4 Kf4 63. Kb5 Ke5 64. Kxb6 1/2-1/2

[Event "*** Titled Tuesday Blitz"]
[Site "Chess.com"]
[Date "2018.10.02"]
[Round "6"]
[White "severomorskij"]
[Black "grzechu96"]
[Result "0-1"]
[WhiteElo "2681"]
[BlackElo "2540"]
[TimeControl "180+2"]
[EndTime "14:23:16 PDT"]
[Termination "grzechu96 won by resignation"]

1. d4 d5 2. c4 c6 3. Nc3 Nf6 4. Nf3 dxc4 5. a4 Bf5 6. Nh4 e6 7. Nxf5 exf5 8. e3 Bb4 9. Bxc4 O-O 10. Qc2 g6 11. O-O Nbd7 12. f3 Rc8 13. Ba2 c5 14.
Kh1 a6 15. Qf2 Qb6 16. d5 Rfe8 17. e4 fxe4 18. fxe4 Re7 19. a5 Bxa5 20. Na4 Nxe4 21. Qh4 Qd6 22. Bf4 Ne5 23. Bh6 Nd3 24. Rad1 c4 25.
Bb1 b5 26. Nc3 Nxc3 27. bxc3 Bxc3 28. Bxd3 cxd3 29. Rxd3 Bg7 30. Bf4 Be5 31. Bg5 Rec7 32. Rh3 f6 33. Bh6 Qxd5 34. Rhf3 Qe6 35. Qe4 Qc6 36. Qe2 Rd7 37. h3 Qc2 38. Qe1 Rcd8 39. Qa5 Rd1 40. Qb6 Rxf1+ 41. Rxf1 Qc7 42. Qe6+ Qf7 43. Qxa6 Qc4 44. Re1 Bc3 45. Qb7 Qf7 46. Re7 Rd1+ 47. Kh2 Be5+ 48. g3 Qa2+ 49. Qg2 Qxg2+ 50.
Kxg2 b4 51. Rg7+ Kh8 52. Rb7 Rd3 53. Kf1 Kg8 54. Rg7+ Kh8 55. Rb7 b3 56. Ke2 Rc3 57. g4 Rxh3 58. Rd7 Rxh6 0-1

[Event "*** Titled Tuesday Blitz"]
[Site "Chess.com"]
[Date "2018.10.02"]
[Round "6"]
[White "FearlessKing64"]
[Black "nochewycandy"]
[Result "1-0"]
[WhiteElo "2223"]
[BlackElo "2156"]
[TimeControl "180+2"]
[EndTime "14:23:18 PDT"]
[Termination "FearlessKing64 won by checkmate"]

1. e4 g6 2. d4 Bg7 3. Nc3 d6 4. f4 a6 5. Nf3 b5 6. Bd3 Nd7 7. e5 c5 8. Ne4 Bb7 9. e6 fxe6 10. Neg5 Nf8 11. dxc5 Nf6 12. Qe2 dxc5 13. Nxe6 Nxe6 14. Qxe6 Qd5 15. Ng5 Qxe6+ 16. Nxe6 Kf7 17. Nxc5 Bxg2 18.
Rg1 Bd5 19. f5 gxf5 20. Bxf5 e6 21. Bd3 Rhc8 22. Nb3 e5 23. c3 Rab8 24. Bd2 e4 25. Be2 Bf8 26. O-O-O b4 27. Rgf1 Ke7 28. Bg5 Bg7 29. Nd4 bxc3 30. Nf5+ Kf7 31. Nxg7 cxb2+ 32.
Kb1 Bxa2+ 33. Kxa2 Kxg7 34. Bxf6+ Kg6 35. Be5 Rb4 36. Rg1+ Kf7 37. Bh5+ Ke6 38. Bg4+ Kxe5 39. Bxc8 a5 40. Rb1 Rc4 41. Bg4 h5 42. Bd1 e3 43.
Rxb2 Rh4 44. Rgg2 Kd4 45. Rge2 Rh3 46. Bb3 Kd3 47. Rbc2 Rh4 48. Bc4+ Kd4 49. Kb3 a4+ 50. Kxa4 Rf4 51. Kb3 Rf8 52. Bb5 Rb8 53. Kb4 h4 54. Rc4+ Kd3 55. Rxh4+ Rxb5+ 56. Kxb5 Kxe2 57. Re4 Kf3 58.
Re7 e2 59. h4 Kg4 60. Rxe2 Kxh4 61. Kc4 Kg4 62. Kd3 Kf3 63. Re4 Kf2 64. Rf4+ Kg1 65.
Ke3 Kh1 66. Rg4 Kh2 67. Kf3 Kh3 68. Rf4 Kh2 69. Rg4 Kh3 70. Rg7 Kh4 71. Rg2 Kh3 72. Rg4 Kh2 73. Rh4+ Kg1 74. Rh3 Kf1 75. Rh1# 1-0

[Event "*** Titled Tuesday Blitz"]
[Site "Chess.com"]
[Date "2018.10.02"]
[Round "6"]
[White "aquaticpineapples"]
[Black "akretchetov"]
[Result "0-1"]
[WhiteElo "2036"]
[BlackElo "2285"]
[TimeControl "180+2"]
[EndTime "14:23:22 PDT"]
[Termination "akretchetov won by checkmate"]

1. d4 Nf6 2. Nf3 e6 3. Nbd2 d5 4. e3 c5 5. b3 Nc6 6. a3 Bd6 7. Bb2 O-O 8. Bd3 Qc7 9. O-O e5 10.
dxe5 Nxe5 11. Nxe5 Bxe5 12. Bxe5 Qxe5 13. Qe2 Re8 14. Rfe1 Bg4 15. f3 Bd7 16. e4 Bc6 17.
exd5 Qxd5 18. Qf2 Rad8 19. Ne4 Nd7 20. Bc4 Qe5 21. a4 Bxe4 22. fxe4 Nf6 23. Bd3 Re7 24. Rad1 Red7 25. Qf5 Re7 26. h3 g6 27. Qxe5 Rxe5 28. Kf2 Kg7 29. Kf3 Rde8 30. Re2 R8e7 31. Rde1 h5 32. Kf2 h4 33. Kf3 Nh7 34. Kf2 Ng5 35. Kf1 Ne6 36. Kf2 Nf4 37. Re3 Rg5 38. Bf1 Rd7 39. e5 Rd2+ 40. Kf3 Nxg2 41. Bxg2 Rgxg2 42. e6 Rdf2+ 43. Ke4 fxe6 44. Kd3 Rd2+ 45.
Kc4 Rxc2+ 46. Kb5 Rg3 47. Rxe6 Rxb3+ 48. Ka5 b6+ 49. Ka6 Ra2 50. Re7+ Kh6 51. Kxa7 Rxa4+ 52. Kb7 Rd4 53. Rg1 Rg3 54. Rf1 Kg5 55. Kxb6 c4 56. Kc5 Rf4 57. Rfe1 Rf5+ 58. Kxc4 Rxh3 59. Rg1+ Rg3 60. Rge1 Rg4+ 61. Kc3 Rf3+ 62. Kd2 Rg2+ 63. Kc1 h3 64. Rh7 h2 65. Kb1 Rg1 66. Rxh2 Rxe1+ 67. Kc2 Ref1 68. Rg2+ Kf5 69. Rxg6 Kxg6 70. Kd2 Kf5 71. Ke2 R1f2+ 72. Ke1 Ra2 73. Kd1 Rf1# 0-1

[Event "*** Titled Tuesday Blitz"]
[Site "Chess.com"]
[Date "2018.10.02"]
[Round "6"]
[White "TrimitziosP7"]
[Black "dretch"]
[Result "0-1"]
[WhiteElo "2570"]
[BlackElo "2771"]
[TimeControl "180+2"]
[EndTime "14:23:31 PDT"]
[Termination "dretch won by checkmate"]

1. d4 d5 2. c4 c6 3. Nf3 Nf6 4. e3 Bg4 5. Nc3 e6 6. Qb3 Qb6 7. Be2 Be7 8. O-O O-O 9. Bd2 dxc4 10. Bxc4 Bxf3 11. Qxb6 axb6 12. gxf3 b5 13. Bb3 Rd8 14. Rfd1 Nbd7 15. Kf1 e5 16. Ne2 exd4 17. Nxd4 Nc5 18.
Bc2 g6 19. Ke2 Nd5 20. Be4 Bf6 21. Be1 Nf4+ 22. Kf1 Nfe6 23. Nxe6 fxe6 24. Bc3 Rxd1+ 25. Rxd1 Bxc3 26. bxc3 Rxa2 27. Rd8+ Kf7 28. h4 Ra1+ 29. Ke2 Rh1 30. Bc2 Rxh4 31. f4 Rh1 32. Kd2 Rf1 33. Ke2 Ra1 34. Rh8 Kg7 35. Re8 Ra2 36. Kd1 h5 37. Re7+ Kf6 38. Re8 Na4 39. Kd2 Nb6 40. Rg8 Kf7 41. Rb8 Nc4+ 42. Kd1 Nd6 43. Rd8 Ke7 44. Rg8 Kf7 45. Rd8 Nf5 46.
Rd7+ Kf8 47. Rxb7 h4 48. e4 Nd6 49. Rd7 Nc4 50. e5 h3 51. Rh7 Ra1+ 52. Ke2 Rc1 53.
Bxg6 Rxc3 54. Bf7 Rc2+ 55. Kf3 Rc3+ 56. Ke2 Rc2+ 57. Kf3 Nd2+ 58. Ke3 Nf1+ 59. Kf3 h2 60.
Bxe6 b4 61. f5 Nd2+ 62. Kg2 Ne4 63. f6 Rxf2+ 64. Kh1 Ng3# 0-1

[Event "*** Titled Tuesday Blitz"]
[Site "Chess.com"]
[Date "2018.10.02"]
[Round "6"]
[White "bascheyaro"]
[Black "Tarlev_Konstantin"]
[Result "1-0"]
[WhiteElo "2700"]
[BlackElo "2602"]
[TimeControl "180+2"]
[EndTime "14:23:34 PDT"]
[Termination "bascheyaro won by resignation"]

1. d4 e6 2. Nf3 Nf6 3. c4 b6 4. e3 Bb7 5. Be2 d5 6. O-O Bd6 7. Nc3 O-O 8. Bd2 c5 9. dxc5 bxc5 10. Qc2 Nc6 11. cxd5 exd5 12. Rad1 Re8 13. Na4 Ne4 14. Bc3 Rc8 15. Qb3 d4 16. Qxb7 dxc3 17. Nxc3 Nxc3 18.
bxc3 Qf6 19. Bb5 h6 20. Rd5 Rc7 21. Qa6 Bf8 22. Rfd1 Rb8 23. Bxc6 Qxc6 24. Qxc6 Rxc6 25. g3 g6 26. Rd8 Rxd8 27. Rxd8 Kg7 28. Ne5 Re6 29.
f4 Bd6 30. Nc4 Be7 31. Rd7 a6 32. Kf2 Bf6 33. Nd6 Be7 34. Nc4 Bf6 35. Kf3 Bxc3 36.
Nd6 Kg8 37. Nxf7 Rc6 38. Nxh6+ Kf8 39. Ng4 c4 40. Ne5 Bxe5 41. fxe5 c3 42. Rd1 Ke7 43. Ke4 Ke6 44. Rc1 Rc5 45. Rc2 g5 46. Kd4 Rd5+ 47.
Kxc3 Kxe5 48. h4 gxh4 49. gxh4 Ke4 50. Rh2 Rh5 51. Rh3 Kf5 52. Kc4 Kg4 53. Rh1 Kf3 54. Kd4 Kg2 55. Rc1 Rxh4+ 56. e4 Kf3 57. Rc3+ Kf4 58.
Rc6 Rh2 59. Rf6+ Kg5 60. Rxa6 Rd2+ 61. Ke5 Rb2 62. a4 Rb4 63. Ra5 Rb8 64. Rb5 Re8+ 65. Kd6+ Kf6 66. e5+ Kf5 67. a5 Re6+ 68. Kd7 Ra6 69. e6+ Kf6 70. e7 Ra7+ 71. Kd6 Rxe7 72. Rf5+ Kxf5 73. Kxe7 1-0

[Event "*** Titled Tuesday Blitz"]
[Site "Chess.com"]
[Date "2018.10.02"]
[Round "6"]
[White "sergoy"]
[Black "Shant_Sargsyan"]
[Result "1/2-1/2"]
[WhiteElo "2800"]
[BlackElo "2903"]
[TimeControl "180+2"]
[EndTime "14:23:39 PDT"]
[Termination "Game drawn by agreement"]

1. Nf3 d5 2. d4 Nf6 3. c4 e6 4. Nc3 Bb4 5. Bg5 dxc4 6. e3 b5 7.
Be2 c6 8. O-O a6 9. a4 Bb7 10.
Ne5 Nbd7 11. Qc2 Be7 12. Rad1 O-O 13. Bf3 Nd5 14. Bxe7 Qxe7 15. Nxd7 Qxd7 16. Ne4 Qe7 17. Nc5 Rfd8 18. e4 Nf6 19. e5 Nd5 20. Be4 g6 21. g3 a5 22. h4 Ba6 23. Kg2 bxa4 24. Rh1 Nb4 25. Qxa4 Bb5 26. Qa3 Nd3 27. Bxd3 cxd3 28. Qc3 h5 29. Nxd3 Qd7 30. Nc5 Qd5+ 31. f3 Rab8 32.
Rd2 Kg7 33. Qe3 a4 34. Rc1 Bc4 35. Qf4 Bb3 36. Ne4 Qd7 37. Nf6 Qe7 38. Qg5 Rh8 39. Nxh5+ Kf8 40. Nf6 Bd5 41. Rc3 Kg7 42. h5 Rh6 43. hxg6 Rxg6 44. Nh5+ Kf8 45. Qxe7+ Kxe7 46. Nf4 Rh6 47. Nxd5+ cxd5 48. Rc7+ Kf8 49. Ra7 Rb4 50. g4 Kg7 51. Rc2 Rh8 52. Rd2 Rhb8 53. Kg3 Rc4 54. f4 Kg6 55. f5+ exf5 56. gxf5+ Kxf5 57. Rxf7+ Ke4 58. Rf3 Rb3 59. Re2+ Kxd4 60. e6 Rb8 61. e7 Re8 62. Rf8 Rcc8 63. Rxe8 Rxe8 64. Kf4 Kd3 65. Re6 Kc2 66. Ke5 Kxb2 67. Kxd5 a3 68.
Rb6+ Kc2 69. Rc6+ Kb2 70. Rb6+ Kc2 71. Ra6 Kb2 1/2-1/2

[Event "*** Titled Tuesday Blitz"]
[Site "Chess.com"]
[Date "2018.10.02"]
[Round "6"]
[White "Witik"]
[Black "ENEASZ"]
[Result "0-1"]
[WhiteElo "2547"]
[BlackElo "2582"]
[TimeControl "180+2"]
[EndTime "14:23:59 PDT"]
[Termination "ENEASZ won by resignation"]

1. e4 d6 2. d4 Nf6 3. Nc3 e5 4. Nge2 Be7 5. h3 c6 6. g4 O-O 7. Bg2 b5 8. O-O a5 9. Ng3 b4 10. Nce2 Re8 11. f4 Ba6 12. Rf2 Bf8 13. Be3 Qc7 14. Qd2 Bb5 15. Raf1 Na6 16. fxe5 dxe5 17.
Rxf6 gxf6 18. Nh5 Re6 19. Bh6 Be7 20. d5 Rd6 21. Neg3 Bxf1 22. Nf5 Bxg2 23. Qxg2 Nc5 24.
h4 Bf8 25. g5 Kh8 26. gxf6 Bxh6 27. Nxh6 Rxf6 28. Nxf6 Qe7 29. Qg5 Nxe4 30. Nxe4 Qxg5+ 31. Nxg5 cxd5 32. Nhxf7+ Kg7 33. Nxe5 Rc8 34. Ngf3 Rxc2 35.
Nd3 Kf6 36. Kf1 h5 37. Ke1 Ke7 38. Nd4 Rh2 39. Kd1 Kf6 40. Nf3 Rg2 41. Ke1 Kf5 42.
Kf1 Rg8 43. Ke2 Kg4 44. Nde5+ Kg3 45. Ke3 Rf8 46. Ng5 Re8 47. Kd4 Kxh4 48. Ngf7 Kg3 49. Kxd5 h4 50. Nh6 h3 51. Nf5+ Kg2 52. Ne3+ Kg3 53.
Nf1+ Kf2 54. Nh2 Kg2 55. Nhg4 Rd8+ 56. Kc4 Rd2 57. Kb3 Re2 58. a3 Rxe5 59. Nxe5 h2 60.
axb4 axb4 61. Kxb4 h1=Q 62. Nc4 Qe1+ 63. Kc5 Qe7+ 64.
Kb5 Qb7+ 65. Kc5 Qb3 66. Kd4 Kf2 67. Ne5 Qxb2+ 68. Kd5 Qa1 69. Nd3+ Ke3 70. Nc5 Qd4+ 71. Kc6 Qc4 72. Kd6 Qc1 73. Ne6 Ke4 74. Nc5+ Kf5 75.
Ne6 Qa3+ 76. Kd7 Qa4+ 77. Ke7 Qe4 0-1

[Event "*** Titled Tuesday Blitz"]
[Site "Chess.com"]
[Date "2018.10.02"]
[Round "6"]
[White "JonahWillow"]
[Black "GHANDEEVAM2003"]
[Result "0-1"]
[WhiteElo "2702"]
[BlackElo "2893"]
[TimeControl "180+2"]
[EndTime "14:24:03 PDT"]
[Termination "GHANDEEVAM2003 won by resignation"]

1. e4 e6 2. d3 d5 3. Nd2 Nf6 4. Ngf3 c5 5. g3 Nc6 6. Bg2 Bd6 7. O-O O-O 8. Re1 Bc7 9. c3 b5 10. e5 Nd7 11. d4 b4 12. Nf1 a5 13. h4 Ba6 14. h5 f6 15. exf6 Qxf6 16. Bg5 Qf7 17.
Ne3 h6 18. Bh4 Qxh5 19. dxc5 bxc3 20. bxc3 g5 21. Nxd5 gxh4 22. Nxc7 hxg3 23. Qxd7 Rxf3 24. Qxe6+ Rf7 25. fxg3 Qxc5+ 26. Kh2 Qh5+ 27. Bh3 Bc8 28. Qe8+ Kg7 29. Ne6+ Bxe6 30. Qxe6 Rf2+ 31. Kg1 Qc5 32.
Qe3 Qxe3 33. Rxe3 Rd2 34. Rb1 Rb8 35. Rxb8 Nxb8 36. Be6 a4 37. Rf3 Nc6 38. Rf2 Rd1+ 39. Kg2 Ne5 40. Re2 Kf6 41. Bg8 a3 42. c4 Rc1 43.
Kh3 Rh1+ 44. Kg2 Rc1 45. Kh3 Rc3 46. c5 Nd3 47. Kg2 Nxc5 48. Bd5 Nd3 49. Bb3 Nc1 50. Rf2+ Ke5 51. Bg8 Nd3 52. Re2+ Kd4 53. Bh7 Nc1 54.
Rd2+ Ke3 55. Rd6 Nxa2 56. Rxh6 Nc1 57. Bg8 Nd3 58. Re6+ Kd4 59. Ra6 Nb4 60. Ra8 Nd5 61.
Kh3 Nf4+ 62. Kg4 Ne2 63. Ra4+ Kc5 64. Kh4 Nxg3 65. Ra5+ Kb4 66. Ra8 Nf5+ 67. Kg5 Nd4 68. Kf6 Re3 69. Rb8+ Kc3 70. Ra8 Kb2 71. Bd5 Nb3 72.
Rh8 a2 73. Rh2+ Ka3 74. Rh8 a1=Q+ 0-1

[Event "*** Titled Tuesday Blitz"]
[Site "Chess.com"]
[Date "2018.10.02"]
[Round "6"]
[White "David_Paravyan"]
[Black "ChessicallyInclined"]
[Result "1-0"]
[WhiteElo "2815"]
[BlackElo "2422"]
[TimeControl "180+2"]
[EndTime "14:24:06 PDT"]
[Termination "David_Paravyan won by resignation"]

1. d4 d5 2. c4 e6 3. Nf3 Nf6 4. g3 dxc4 5. Bg2 a6 6. O-O Nc6 7. e3 Bd7 8. Qe2 Bd6 9. Rd1 O-O 10. e4 e5 11. dxe5 Nxe5 12. Nxe5 Bxe5 13. f4 Bd6 14. e5 Bc5+ 15. Be3 Qe7 16. Bxc5 Qxc5+ 17. Qf2 Qxf2+ 18. Kxf2 Ng4+ 19. Ke2 Ba4 20. Rc1 Nxh2 21. Nc3 Bd7 22. Nd5 Ng4 23. Nxc7 Rac8 24. Nd5 Rfe8 25. Nb6 Rc7 26. Nxd7 Rxd7 27. Rxc4 f6 28. Bf3 h5 29.
Rh1 fxe5 30. f5 Nf6 31. Bxh5 Red8 32. Rc2 Nxh5 33. Rxh5 Kf7 34. Rg5 Kf6 35. Rg6+ Kxf5 36.
Rb6 Kg4 37. Rc3 g5 38. a4 Rd2+ 39. Ke3 Rg2 40. Rxb7 Rxg3+ 41. Ke4 Rg1 42. Kxe5 Re1+ 43. Kf6 Rd4 44. b3 Rf4+ 45. Kg7 Re6 46. Rf7 Rb6 47. Rd7 Kh4 48. Rd1 g4 49. Rh1+ Kg5 50. Rc5+ Rf5 51. Rc7 Rxb3 52. Rh6 Kf4 53. Rg6 Rg5 54. Rc4+ Kf5 55.
Rc5+ Kf4 56. Rgxg5 g3 57. Rcf5+ Ke4 58. Rf6 Rb7+ 59. Kg6 Rb3 60. Rxa6 Kf3 61. Rf6+ Kg2 62. Rf4 Kh2 63. Rh5+ Kg1 64. Rg5 g2 65. Rfg4 Kh1 66. Rh5+ Kg1 67. a5 Ra3 68. Rhg5 Kh1 69. Rxg2 Rf3 70.
Rg1+ Kh2 71. R5g2+ Kh3 72. Rg3+ 1-0

[Event "*** Titled Tuesday Blitz"]
[Site "Chess.com"]
[Date "2018.10.02"]
[Round "6"]
[White "plouarzel"]
[Black "nearestway"]
[Result "1/2-1/2"]
[WhiteElo "2597"]
[BlackElo "2536"]
[TimeControl "180+2"]
[EndTime "14:24:14 PDT"]
[Termination "Game drawn by repetition"]

1. e4 c5 2. Nf3 d6 3. Bb5+ Bd7 4.
Bxd7+ Qxd7 5. c4 Nf6 6. Nc3 g6 7. d4 cxd4 8. Nxd4 Bg7 9. b3 O-O 10. Bb2 Nc6 11. O-O e6 12. Nxc6 Qxc6 13. f3 Rfd8 14. Qe2 a6 15. Rad1 b5 16. cxb5 axb5 17.
Qxb5 Qxb5 18. Nxb5 Rxa2 19. Bxf6 Bxf6 20. Nxd6 Rb2 21.
e5 Be7 22. Rd3 f6 23. Rfd1 fxe5 24. Ne4 Rxd3 25. Rxd3 Kf7 26. g3 h5 27. h4 Ke8 28.
Kf1 Bb4 29. Re3 Ke7 30. Rd3 Rb1+ 31. Ke2 Re1+ 32. Kf2 Rb1 33. Kg2 Rb2+ 34. Kh3 Rb1 35. g4 Rh1+ 36. Kg2 Rxh4 37. g5 Rf4 38. Rd1 Rf8 39. Ra1 Rd8 40. Ra7+ Rd7 41. Ra8 Rd8 42. Ra4 Bd6 43. Ra6 Rd7 44. Rb6 Bc7 45. Rb7 Bd6 46. Rb6 Bc7 47. Ra6 Rd3 48. Ra7 Rd7 49. Nc5 Rd2+ 50. Kh3 Rc2 51. b4 Kd6 52. Ra6+ Kd5 53. Nxe6 Bd6 54. Nc5 Bxc5 55. bxc5 Rxc5 56. Rxg6 Rc3 57.
Kg2 e4 58. fxe4+ Kxe4 59. Rf6 Rc5 60. g6 Rg5+ 61. Kh3 Ke5 62. Ra6 Kf5 63. Kh4 Rxg6 64.
Rxg6 Kxg6 65. Kh3 Kg5 66. Kg3 h4+ 67. Kh3 Kh5 68. Kh2 Kg4 69. Kg2 Kf4 70. Kh3 Kg5 71.
Kg2 Kf5 72. Kh3 Kg5 73. Kh2 Kg4 74. Kg2 Kf4 75. Kh3 Kg5 76. Kh2 Kg4 77. Kh1 Kg3 78. Kg1 Kh3 79. Kh1 Kg3 80. Kg1 Kf3 81. Kh2 Kg4 82. Kg2 Kf4 83. Kh3 Kg5 84. Kh2 Kg4 1/2-1/2

[Event "*** Titled Tuesday Blitz"]
[Site "Chess.com"]
[Date "2018.10.02"]
[Round "6"]
[White "Gabrielian_Artur"]
[Black "AvitalBor"]
[Result "0-1"]
[WhiteElo "2689"]
[BlackElo "2607"]
[TimeControl "180+2"]
[EndTime "14:24:17 PDT"]
[Termination "AvitalBor won by resignation"]

1. e4 e5 2. Nf3 Nc6 3. Bc4 Bc5 4. d3 d6 5. c3 Nf6 6. Bg5 h6 7. Bh4 g5 8. Bg3 Bg4 9. Nbd2 Qd7 10. b4 Bb6 11. a4 a5 12. b5 Ne7 13. h4 O-O-O 14.
Bxf7 Nf5 15. Qb3 Nxg3 16. fxg3 Rhf8 17. hxg5 hxg5 18. Bc4 d5 19. exd5 Nxd5 20. O-O-O Ne3 21. Rde1 Nxc4 22. Qxc4 Bxf3 23. Nxf3 Bf2 24. Nxe5 Qd6 25.
Re2 Bxg3 26. Qg4+ Kb8 27. Qxg3 Qa3+ 28. Kb1 Rf4 29. Ra2 Qxc3 30. Rb2 Qxe5 31. Qh3 Qd5 32. Rc1 Rxa4 33. Qh7 Qxd3+ 34. Qxd3 Rxd3 35. Rc5 Rg3 36. Rbc2 Rb4+ 37. Ka2 a4 38. Rxc7 Rxb5 39. R7c4 Rf5 40. Rxa4 Rd3 41. Rg4 Rb5 42. Rb2 Rdd5 43. Rc2 Rd6 44. Rc3 Rc6 45. Rb3 Rcc5 46. Ka3 Kc7 47. Rbg3 Rc6 48. Rb4 Ra6+ 49. Kb3 Rab6 50. Rxb5 Rxb5+ 51. Kc4 Kb6 52. Rh3 Rc5+ 53. Kd4 Ra5 54. Rb3+ Kc6 55.
Rc3+ Kd6 56. Rb3 Ra4+ 57. Ke3 Kc6 58. Rc3+ Kd5 59. Rc7 b5 60. Rd7+ Kc5 61. Rc7+ Kb6 62. Rg7 g4 63. Kd3 Rf4 64. Kc3 Rc4+ 65. Kb3 Re4 66.
Rg8 Ka5 67. Kc3 Re3+ 68. Kd4 Rg3 69. Kc5 Rc3+ 70. Kd4 Rc4+ 71. Kd3 Kb4 72. Rb8 Rc3+ 73. Kd4 Rg3 74. Ke4 Rxg2 75. Kf4 Kc4 76. Rc8+ Kb3 0-1